 Dungeon Crawl Stone Soup version 0.21-a0-91-ga5031da (webtiles) character file.

94 Ijustatesigmund the Skirmisher (level 4, -4/44 HPs)
             Began as a Naga Fighter on June 29, 2017.
             Slain by Crazy Yiuf
             ... wielding a +2 quarterstaff of chaos
              (7 damage)
             ... on level 2 of the Dungeon.
             The game lasted 00:04:02 (1631 turns).

Ijustatesigmund the Skirmisher (Naga Fighter)       Turns: 1631, Time: 00:04:03

Health: -4/44      AC:  4    Str: 18    XL:     4   Next: 63%
Magic:  4/4        EV:  9    Int:  8    God:
Gold:   102        SH:  8    Dex: 17    Spells: 3/3 levels left

rFire    . . .     SeeInvis +   a - +0 flail
rCold    . . .     Gourm    .   c - +0 shield
rNeg     . . .     Faith    .   b - +0 scale mail
rPois    +         Spirit   .   (no helmet)
rElec    .         Reflect  .   (no cloak)
rCorr    .         Harm     .   (no gloves)
MR       .....                  (no barding)
Stlth    +.........             (no amulet)
HPRegen  0.14/turn              (no ring)
MPRegen  0.09/turn              (no ring)

@: agile, hasted and slowed, heavily drained, very slow
A: see invisible, deformed body, poison resistance, slowness 2, slow metabolism
1, spit poison 1, AC +1
a: Spit Poison


You were on level 2 of the Dungeon.
You were hungry.

You visited 1 branch of the dungeon, and saw 2 of its levels.

You collected 102 gold pieces.

Inventory:

Hand Weapons
 a - a +0 flail (weapon)
Armour
 b - a +0 scale mail (worn)
 c - a +0 shield (worn)
Scrolls
 h - a scroll of fog
 j - 3 scrolls of remove curse
 l - 3 scrolls of teleportation
Potions
 d - a potion of heal wounds {unknown}
 e - a potion of curing
 i - a potion of magic
Comestibles
 f - a bread ration
 g - 2 meat rations
 m - a royal jelly


   Skills:
 + Level 4.0(2.3) Fighting
 * Level 3.8(2.1) Maces & Flails
 - Level 2.4(0.7) Armour
 - Level 2.4(0.7) Shields


You had 3 spell levels left.
You didn't know any spells.

Dungeon Overview and Level Annotations

Branches:
Dungeon (2/15)

Altars:

Annotations:
D:2 Crazy Yiuf


Innate Abilities, Weirdness & Mutations

You cannot wear boots.
Your serpentine skin is tough. (AC +1)
You have supernaturally acute eyesight. (SInv)
Armour fits poorly on your strangely shaped body.
Your system is resistant to poisons. (rPois)
You cover ground very slowly.
You have a slow metabolism.
You can spit poison.


Message History

You barely miss Crazy Yiuf. You block Crazy Yiuf's attack. x2
You thump Crazy Yiuf!
Crazy Yiuf is heavily wounded.
Crazy Yiuf hits you with a quarterstaff of chaos!
You feel yourself speed up.
Crazy Yiuf hits you with a quarterstaff of chaos.
* * * LOW HITPOINT WARNING * * *
Crazy Yiuf draws strength from your wounds!
Crazy Yiuf hits you with a quarterstaff of chaos.
* * * LOW HITPOINT WARNING * * *
Crazy Yiuf burns you.
* * * LOW HITPOINT WARNING * * *
You closely miss Crazy Yiuf.
Crazy Yiuf is moderately wounded.
Crazy Yiuf closely misses you. x2
Your shield and scale mail prevent you from hitting Crazy Yiuf.
Crazy Yiuf is moderately wounded.
You block Crazy Yiuf's attack.
Crazy Yiuf hits you with a quarterstaff of chaos!
You die...

...........#
#.#.....#.# #.#...#.
...........#
#.#######.# #.#...#.
.....(.....#
#..[......# #.#.....
######.#####
#############.#.....
#.# #....#.#... ##"#
######.#... #..####
#### #......#...
#.....## ###)))#
########...
#....PP####)@g).#
#...
##.....)#))##)))#
#... ##...)#)###
#### #..> ########
#... #... #.## #.#
#.## #...


You could see Crazy Yiuf.

Vanquished Creatures
  Jessica (D:2)
  Natasha (D:2)
  An adder (D:2)
  A dart slug (D:2)
  A leopard gecko (D:2)
  3 bats
  4 giant cockroaches
  3 goblins (D:1)
  7 hobgoblins
  2 frilled lizards (D:1)
  4 kobolds
  3 rats
31 creatures vanquished.

Notes
Turn   | Place    | Note
-------+----------+-------------------------------------------
     0 | D:1      | Ijustatesigmund the Naga Fighter began the quest for the Orb.
     0 | D:1      | Reached XP level 1. HP: 21/21 MP: 1/1
   138 | D:1      | Reached XP level 2. HP: 12/28 MP: 2/2
   983 | D:2      | Reached XP level 3. HP: 34/34 MP: 3/3
  1135 | D:2      | Noticed Jessica
  1144 | D:2      | Killed Jessica
  1374 | D:2      | Reached XP level 4. HP: 42/44 MP: 4/4
  1385 | D:2      | Noticed Natasha
  1393 | D:2      | Killed Natasha
  1393 | D:2      | Reached skill level 4 in Fighting
  1620 | D:2      | Found a runed door.
  1624 | D:2      | Noticed Crazy Yiuf
  1631 | D:2      | Slain by Crazy Yiuf

Vault maps used:
D:1:      sevenhm_arrival_forest_fort_small_4
D:2:      uniq_crazy_yiuf_cottage, uniq_jessica, uniq_natasha

Skill      XL: |  1  2  3  4 |
---------------+-------------+-----
Maces & Flails | 3 |  3.8
Fighting       | 4 |  4.0
Armour         | |  2.4
Shields        | |  2.4

Action                   |  1- 3 |  4- 6 || total
-------------------------+-------+-------++-------
Melee: Flail             |    86 |    18 ||   104
  Use: Scroll            |     7 |     1 ||     8
       Potion            |     2 |     1 ||     3
  Eat: Chunk             |       |     1 ||     1
Armor: Scale mail        |    35 |     5 ||    40
Dodge: Dodged            |    15 |     5 ||    20
Block: Shield            |    46 |     7 ||    53
